 Dungeon Crawl Stone Soup version 0.18.1-50-g88ac8fd (webtiles) character file.

88 magog001 the Vandal (level 4, -5/37 HPs)
             Began as a Minotaur Hunter on Apr 23, 2017.
             Slain by a gnoll
             ... wielding a +0 flail
              (11 damage)
             ... on level 3 of the Dungeon.
             The game lasted 00:09:57 (1269 turns).

magog001 the Vandal (Minotaur Hunter)               Turns: 1269, Time: 00:09:57

Health: -5/37      AC:  3    Str: 17    XL:     4   Next: 30%
Magic:  3/3        EV:  7    Int:  8    God:
Gold:   124        SH:  0    Dex: 11    Spells: 0 memorised, 3 levels left

rFire  . . .     SeeInvis .     a - +1 hunting sling
rCold  . . .     Gourm    .     c - +0 leather armour
rNeg   . . .     Faith    .     (no shield)
rPois  .         Spirit   .     (helmet restricted)
rElec  .         Dismiss  .     (no cloak)
rCorr  .         Reflect  .     (no gloves)
SustAt .         Harm     .     (no boots)
MR     .....                    (no amulet)
Stlth  +.........               (no ring)
                                (no ring)

@: not resistant to hostile enchantments, very unstealthy
A: retaliatory headbutt, horns 2
a: no special abilities


You were on level 3 of the Dungeon.
You were not hungry.

You visited 1 branch of the dungeon, and saw 3 of its levels.

You collected 124 gold pieces.

Inventory:

Hand Weapons
 a - a +1 hunting sling (weapon)
 b - a +0 short sword
Missiles
 d - 10 sling bullets (quivered)
 e - 4 needles of sleeping
 m - 92 stones
 v - 4 javelins of penetration
Armour
 c - a +0 leather armour (worn)
 s - a +0 scale mail
Jewellery
 k - a cursed ring of protection from magic {unknown}
Scrolls
 l - 2 scrolls of remove curse {unknown}
 n - 2 scrolls of identify {unknown}
 o - a scroll of immolation {unknown}
 p - a scroll of magic mapping {unknown}
 r - a scroll of noise {unknown}
 t - a scroll of fog {unknown}
 x - a scroll of teleportation {unknown}
Potions
 i - a potion of cure mutation {unknown}
 j - a potion of lignification {unknown}
 q - 3 potions of curing {unknown}
 u - a potion of mutation {unknown}
 w - a potion of might {unknown}
Comestibles
 f - a bread ration
 g - 3 meat rations
 h - a chunk of flesh


   Skills:
 + Level 2.7 Fighting
 + Level 5.8 Slings
 + Level 1.2 Armour
 + Level 2.7 Dodging
 + Level 0.8 Stealth


You had 3 spell levels left.
You didn't know any spells.

Dungeon Overview and Level Annotations

Branches:
Dungeon (3/15)

Altars:


Innate Abilities, Weirdness & Mutations

You reflexively headbutt those who attack you in melee.
You have a pair of horns on your head.


Message History

Aim: a gnoll, wielding a flail of protection (almost dead)
You shoot a sling bullet. The sling bullet hits the gnoll.
You kill the gnoll!
Firing (i - inventory. (,) - cycle):
d - 12 sling bullets (quivered)
Press: ? - help, Shift-Dir - straight line, f - gnoll
Aim: a gnoll, wielding a flail You shoot a sling bullet.
The sling bullet completely misses the gnoll.
The sling bullet barely misses the gnoll.
The gnoll hits you with a flail!
* * * LOW HITPOINT WARNING * * *
Firing (i - inventory. (,) - cycle):
d - 11 sling bullets (quivered)
Press: ? - help, Shift-Dir - straight line, f/p - gnoll
Aim: a gnoll, wielding a flail You shoot a sling bullet.
The sling bullet barely misses the gnoll.
The gnoll barely misses you.
There is a stone staircase leading up here.
The gnoll hits you with a flail!
You die...

#. .# ###
#.####.
..#
#......
#.# .....
#.# ....
#.# [.#
####.#####
#.#
#....g...#
#@# #
#.##.###.#
#g# #.#
#.#
#.#####.#
#...##g#
#..g..g.#
#..()(.#
#########
#..[####
... .#


You could see 2 gnolls.

Vanquished Creatures
  2 gnolls (D:3)
  2 adders (D:2)
  An ooze (D:2)
  A dart slug (D:2)
  5 goblins
  7 hobgoblins
  2 jackals (D:2)
  9 kobolds
  2 ball pythons (D:2)
  5 bats
  A giant newt (D:1)
  9 rats
46 creatures vanquished.

Notes
Turn   | Place    | Note
--------------------------------------------------------------
     0 | D:1      | magog001 the Minotaur Hunter began the quest for the Orb.
     0 | D:1      | Reached XP level 1. HP: 18/18 MP: 0/0
   191 | D:1      | Reached XP level 2. HP: 25/25 MP: 1/1
   546 | D:1      | Reached skill level 5 in Slings
   668 | D:2      | Reached XP level 3. HP: 30/30 MP: 2/2
   974 | D:2      | Reached skill level 1 in Armour
  1167 | D:2      | Reached XP level 4. HP: 31/37 MP: 3/3
  1269 | D:3      | Slain by a gnoll

Skill      XL: |  1  2  3 |
---------------+----------+-----
Slings         | 5 |  5.8
Armour         | 1 |  1.2
Fighting       | |  2.7
Dodging        | |  2.7
Stealth        | |  0.8

Action                   |  1- 3 |  4- 6 || total
-------------------------+-------+-------++-------
 Fire: Hunting sling     |    96 |    16 ||   112
  Eat: Chunk             |     1 |       ||     1
Armor: Leather armour    |    10 |     1 ||    11
Dodge: Dodged            |    27 |     4 ||    31
